 Dungeon Crawl Stone Soup version 0.31-a0-810-ga77100ea1a (webtiles) character file.

Game seed: 12841286235544913807

7 Bravepunisher the Ducker (level 1, 10/11 HPs)
             Began as a Spriggan Monk on Sept 21, 2023.
             Quit the game on level 1 of the Dungeon.
             The game lasted 00:01:05 (210 turns).

Bravepunisher the Ducker (Spriggan Monk)             Turns: 210, Time: 00:01:05

Health: 10/11      AC:  2    Str:  7    XL:     1   Next: 83%
Magic:  2/2        EV: 16    Int: 11    God:
Gold:   0          SH:  0    Dex: 17    Spells: 0/0 levels left

rFire   . . .        a - +0 short sword
rCold   . . .        (no shield)
rNeg    . . .        b - +0 robe
rPois   .            (helmet restricted)
rElec   .            (no cloak)
rCorr   .            (gloves unavailable)
SInv    +            (boots unavailable)
Will    .....        (no amulet)
Stlth   +            (no ring)
HPRegen 0.21/turn    (no ring)
MPRegen 0.08/turn

%: no passive effects
@: constricted, slow
A: very small, no large weapons, unfitting armour, see invisible, speed 3
a: no special abilities


You were on level 1 of the Dungeon.
You visited 1 branch of the dungeon, and saw 1 of its levels.

Inventory:

Hand Weapons
 a - a +0 short sword (weapon)
Armour
 b - a +0 robe (worn)
 d - an orb of light
Potions
 c - a potion of ambrosia


   Skills:
 * Level 2.7 Fighting
 - Level 3.2 Short Blades
 + Level 4.2 Dodging


You couldn't memorise any spells.
You didn't know any spells.
Your spell library was empty.

Dungeon Overview and Level Annotations

Branches:
Dungeon (1/15)

Altars:


Innate Abilities, Weirdness & Mutations

You are very small and have problems with some larger weapons.
You are too small for most types of armour.
You have supernaturally acute eyesight. (SInv)
You cover ground extremely quickly. (Speed+++)


Message History

The endoplasm is heavily wounded.
The endoplasm freezes you.
You are frozen.
You completely miss the endoplasm.
The endoplasm is heavily wounded.
The endoplasm hits you but does no damage.
You hit the endoplasm.
You kill the endoplasm!
A goblin comes into view. It is wielding a +0 club.
The goblin shouts!
Found 11 gold pieces.
Why would you want to do that?
A ball python comes into view.
Found 3 gold pieces.
A kobold comes into view. It is wielding a +0 dagger.
The kobold shouts!
You enter the shallow water.
Moving in this stuff is going to be slow.
You enter the shallow water.
Moving in this stuff is going to be slow.
The ball python hisses angrily.
The ball python barely misses you. The ball python closely misses you.
The kobold attacks as it pursues you! The kobold misses you.
The goblin shouts!
The ball python closely misses you. The ball python misses you.
The kobold hits the plant with a +0 dagger.
The plant begins to die.
The ball python attacks as it pursues you!
The ball python closely misses you. x2
The goblin hits the plant with a +0 club.
The plant begins to die.
The goblin hits the plant with a +0 club.
The plant begins to die.
The endoplasm quivers.
The ball python attacks as it pursues you!
The ball python misses you. The ball python completely misses you.
The ball python misses you. The ball python grabs you.
The ball python constricts you.
The goblin hits the plant with a +0 club.
Are you sure you want to abandon this character and quit the game? (Confirm with "yes".)

######### #P.PPP..##
P~P~PPP..##
##PP~~~P.~$.#
...~♣≈~~P.#.###
P.~≈♣≈♣P~#...#
~~~♣≈♣KPg##.#
..~♣♣P♣S~gP##.####
♣PPPP@≈♣PP#....#######
♣~P.~PP♣~PP..##g#.≈...≈
P~~P.PPP~≈PP.###..§≈≈.≈≈
~~.P..gP.~~P###...g§...≈
♣~P##S##~~P~# #..≈§.§≈..
~P. .J #.~♣P# #.≈§≈.≈§≈.
~ ..# #P~~~.##..≈...≈..
.## #...~~.#.≈.§.§.g.≈
#..#PP..#≈≈§J§≈§.≈≈


You could see an endoplasm, 3 goblins, 2 ball pythons and a kobold.

Vanquished Creatures
  An endoplasm (D:1)
  4 jackals (D:1)
5 creatures vanquished.

Notes
Turn   | Place    | Note
-------+----------+-------------------------------------------
     0 | D:1      | Bravepunisher the Spriggan Monk began the quest for the
                  | Orb.
     0 | D:1      | Reached XP level 1. HP: 11/11 MP: 2/2
   210 | D:1      | Quit the game

Illustrated notes

Levels and vault maps discovered:
D:1:      lightli_arrival_lavapool, layout_rooms, kennysheep_doodads,
          minivault_5, chequers_serial_rivers_room_b, minivault_19,
          chequers_big_river, serial_bayou_lagoon_a

Action                     || total
---------------------------++-------
  Melee: Short sword       ||    26
 Armour: Robe              ||     4
  Dodge: Dodged            ||    39

Table legend: (Time is in decaauts)
 A = Elapsed time spent in this place.
 B = Non-inter-level travel time spent in this place.
 C = Inter-level travel time spent in this place.
 D = Time resting spent in this place.
 E = Time spent auto-exploring this place.
 F = Levels seen in this place.
 G = Mean time per level.
                   A        B        C        D        E       F      G
               +--------+--------+--------+--------+--------+-----+--------+
         Total |    139 |    139 |      0 |      0 |     74 |   1 |  139.0 |
       Dungeon |    139 |    139 |      0 |      0 |     74 |   1 |  139.0 |
               +--------+--------+--------+--------+--------+-----+--------+

Top non-repeatable levels by time:
     D:1: 139 daAuts
